 Dungeon Crawl Stone Soup version 0.29.0-5-ge4962eb29e (webtiles) character file.

Game seed: 513650534250945330

1 themarg the Martial Artist (level 1, 0/17 HPs)
             Began as a Gnoll Wanderer on Aug 29, 2022.
             Succumbed to a goblin's poison
             ... on level 1 of the Dungeon.
             The game lasted 00:00:31 (27 turns).

themarg the Martial Artist (Gnoll Wanderer)           Turns: 27, Time: 00:00:32

Health: 0/17       AC:  6    Str: 11    XL:     1   Next: 20%
Magic:  2/2        EV: 10    Int:  9    God:
Gold:   16         SH:  0    Dex: 13    Spells: 0/0 levels left

rFire   . . .      SeeInvis .   a - +0 quarterstaff
rCold   . . .      Faith    .   (shield currently unavailable)
rNeg    . . .      Spirit   .   d - +0 ring mail
rPois   .          Reflect  .   (no helmet)
rElec   .          Harm     .   (no cloak)
rCorr   .          Rampage  .   (no gloves)
Will    .....                   (no boots)
Stlth   +.........              (no amulet)
HPRegen 0.05/turn               (no ring)
MPRegen 0.08/turn               (no ring)

@: lethally poisoned (0 -> -11)
A: fangs 1, strong nose, distributed training
a: no special abilities


You were on level 1 of the Dungeon.
You visited 1 branch of the dungeon, and saw 1 of its levels.

You collected 16 gold pieces.

Inventory:

Hand Weapons
 a - a +0 quarterstaff (weapon)
Armour
 d - a +0 ring mail (worn)
Scrolls
 b - a scroll of blinking
 e - a scroll of summoning
Potions
 c - a potion of invisibility


   Skills:
 + Level 2.3 Fighting
 + Level 0.0 Short Blades
 + Level 0.0 Long Blades
 + Level 0.0 Axes
 + Level 0.0 Maces & Flails
 + Level 0.0 Polearms
 + Level 4.4 Staves
 + Level 0.0 Ranged Weapons
 + Level 0.0 Throwing
 + Level 4.4 Armour
 + Level 0.0 Dodging
 + Level 0.0 Stealth
 + Level 0.0 Shields
 + Level 8.4 Unarmed Combat
 + Level 0.0 Spellcasting
 + Level 0.0 Conjurations
 + Level 0.0 Hexes
 + Level 0.0 Summonings
 + Level 0.0 Necromancy
 + Level 0.0 Translocations
 + Level 0.0 Transmutations
 + Level 0.0 Fire Magic
 + Level 0.0 Ice Magic
 + Level 0.0 Air Magic
 + Level 0.0 Earth Magic
 + Level 0.0 Poison Magic
 + Level 2.3 Invocations
 + Level 0.0 Evocations


You couldn't memorise any spells.
You didn't know any spells.
Your spell library was empty.

Dungeon Overview and Level Annotations

Branches:
Dungeon (1/15)

Altars:


Innate Abilities, Weirdness & Mutations

You have very sharp teeth.
Your uncanny sense of smell can sniff out nearby items.
Your experience applies equally to all skills.


Message History

Welcome, themarg the Gnoll Wanderer.
Will you prevail where others failed? Will you find the Orb of Zot?
Press ? for a list of commands and other information.
Found a staircase leading out of the dungeon.
You begin with the following items: a +0 quarterstaff, a scroll of blinking, a potion of invisibility, a +0 ring mail, a scroll of summoning.
As you open the door, it creaks loudly!
There is an open door here.
You now have 16 gold pieces.
A goblin comes into view. It is wielding a +2 dagger of venom.
You hit the goblin.
The goblin is severely wounded.
The goblin barely misses you.
You barely miss the goblin.
The goblin is severely wounded.
The goblin hits you with a +2 dagger of venom.
You are poisoned.
You barely miss the goblin.
The goblin is severely wounded.
You feel very sick.
The goblin hits you with a +2 dagger of venom.
You are more poisoned.
You hit the goblin.
You kill the goblin!
* * * LOW HITPOINT WARNING * * *
You feel very sick.
There is a lethal amount of poison in your body!
Okay, then.
* * * LOW HITPOINT WARNING * * *
You feel very sick.
You see here a +2 dagger of venom.
You die...

#######'#######.#
#.......#.#
#####.....#
##.#### #.# #.# #
#.# #...######.#
.......@)..#
#......#####
##..... #.....
#..... ###...
#... ##.#


There were no monsters in sight!

Vanquished Creatures
  A goblin (D:1)
1 creature vanquished.

Notes
Turn   | Place    | Note
-------+----------+-------------------------------------------
     0 | D:1      | themarg the Gnoll Wanderer began the quest for the Orb.
     0 | D:1      | themarg set off with the following items: a +0
                  | quarterstaff, a scroll of blinking, a potion of
                  | invisibility, a +0 ring mail, a scroll of summoning.
     0 | D:1      | Reached XP level 1. HP: 17/17 MP: 2/2
    27 | D:1      | Succumbed to a goblin's poison

Illustrated notes

Levels and vault maps discovered:
D:1:      tarquinn_simple_flora_water_c, layout_loops_ring,
          hellmonk_ecumenical_altar_dog_temple

Action                   || total
-------------------------++-------
Melee: Quarterstaff      ||     4
Dodge: Dodged            ||     1
